Map: Costas tropicales

Players

MrFercho - Winner!

  • Race: Zerg Zerg
  • League: Gold
  • Spawn Location: 5:00

tigro

  • Race: Terran Terran
  • League: Bronze
  • Spawn Location: 0:00

VOD

Have the link to the VOD?

Description

Time

  • Played on: Aug. 9, 2020, 7:20 p.m.
  • Length: 16:45
Show
View Real Time Build Order
Export as new Build Order

MrFercho Zerg - Winner!

Build Orders: Hatch First, Lurkers 

Get SALT Encoding   

  12  0:04  Drone  
  13  0:15  Overlord  
  13  0:18  Drone  
  14  0:35  Drone x2  
  16  0:53  Hatchery  
  16  0:57  Drone  
  16  0:58  Drone  
  16  1:02  Drone  
  18  1:14  Extractor  
  17  1:19  Spawning Pool  
  17  1:21  Drone  
  17  1:25  Drone  
  18  1:32  Drone  
  19  1:45  Drone  
  20  1:52  Overlord  
  20  2:04  Drone  
  20  2:06  Queen x2  
  25  2:08  Zergling x2  
  26  2:18  Drone x2  
  28  2:24  Overlord  
  28  2:30  Drone  
  28  2:35  Drone  
  30  2:38  Drone  
  31  2:48  Overlord  
  31  2:56  Lair  
  31  3:04  Drone x3  
  34  3:07  Overlord  
  34  3:10  Queen  
  36  3:15  Drone  
  37  3:23  Drone x5  
  42  3:27  Drone x2  
  44  3:39  Extractor  
  43  3:42  Extractor  
  43  3:46  Roach Warren, Drone  
  43  3:47  Evolution Chamber, Drone x4  
  45  3:49  Evolution Chamber  
  45  3:51  Queen  
  46  4:20  Overlord x2  
  46  4:21  Drone x6  
  52  4:29  Zerg Missile Weapons Level 1  
  52  4:30  Glial Reconstitution  
  52  4:33  Zerg Ground Armor Level 1  
  52  4:40  Drone x5  
  52  4:41  Drone x3  
  60  4:47  Overlord  
  60  4:56  Overlord  
  60  5:08  Queen  
  62  5:18  Roach x6  
  74  5:34  Hatchery  
  73  5:48  Roach  
  73  5:49  Overlord x3  
  75  5:50  Overlord  
  75  5:51  Extractor  
  74  6:03  Pneumatized Carapace  
  74  6:26  Zerg Missile Weapons Level 2  
  74  6:48  Overseer  
  74  6:52  Spore Crawler  
  73  6:55  Spore Crawler  
  72  7:03  Hydralisk Den  
  71  7:14  Overlord x3  
  71  7:17  Drone x18  
  71  7:18  Drone x4  
  93  7:24  Extractor  
  92  7:31  Hatchery  
  91  7:49  Hatchery  
  90  7:55  Extractor, Drone  
  90  7:56  Drone x4  
  90  7:57  Drone x10  
  90  7:58  Drone  
  105  8:00  Extractor  
  104  8:05  Overlord  
  104  8:32  Muscular Augments  
  104  8:34  Zerg Ground Armor Level 2  
  96  8:39  Queen  
  92  8:49  Drone  
  92  8:50  Drone x2  
  92  8:53  Drone x3  
  98  9:02  Extractor  
  97  9:27  Hydralisk x2  
  97  9:28  Hydralisk x22  
  145  9:33  Queen  
  147  9:44  Grooved Spines  
  147  10:02  Overlord x5  
  147  10:03  Overlord  
  147  10:40  Infestation Pit  
  147  10:41  Spire  
  145  10:44  Lurker Den  
  144  10:51  Nydus Network  
  143  11:53  Hive  
  143  12:00  Spire  
  142  12:31  Metabolic Boost  
  142  12:41  Zerg Melee Weapons Level 1  
  142  12:48  Hydralisk x9  
  142  12:49  Hydralisk x20  
  200  13:16  Zerg Missile Weapons Level 3  
  200  13:20  Greater Spire  
  200  13:22  Seismic Spines  
  156  13:57  Lurker x18  
  156  13:58  Lurker x11  
  180  14:03  Corruptor x7  
  180  14:07  Zerg Flyer Weapons Level 1  
  194  14:19  Adaptive Talons  
  194  14:39  Extractor  
  194  14:40  Drone x2  
  194  14:41  Extractor  
  194  14:50  Overlord  
  194  14:51  Overlord x2  
  194  14:52  Overlord  
  176  15:19  Corruptor x14  
  176  15:20  Corruptor  
  188  15:49  Overlord x2  
  181  15:51  Zergling x2  
  181  15:52  Zergling x36  
Show
View Real Time Build Order
Export as new Build Order

tigro Terran 

Build Orders:  

Get SALT Encoding   

  12  0:25  SCV  
  13  0:33  Supply Depot  
  13  0:37  SCV  
  14  0:49  SCV  
  15  0:56  Supply Depot  
  15  0:59  Barracks  
  15  1:01  SCV  
  16  1:09  Refinery  
  16  1:13  SCV  
  17  1:21  Supply Depot  
  17  1:25  SCV  
  18  1:38  SCV  
  19  1:43  Supply Depot  
  19  1:48  Marine  
  19  1:50  SCV  
  21  2:02  SCV  
  21  2:06  Marine  
  23  2:09  Supply Depot  
  23  2:14  SCV  
  24  2:24  Marine  
  25  2:32  Supply Depot, Refinery  
  25  2:42  Marine  
  26  2:50  Factory  
  26  3:00  Marine  
  27  3:07  Command Center  
  27  3:19  Orbital Command  
  27  3:36  Factory Tech Lab  
  27  3:47  SCV  
  28  3:50  Barracks Tech Lab, Engineering Bay  
  28  3:59  SCV  
  28  4:02  Siege Tank  
  32  4:21  Refinery  
  32  4:34  Siege Tank  
  32  4:35  Starport  
  35  5:04  Terran Infantry Weapons Level 1  
  35  5:09  SCV  
  35  5:13  Starport  
  36  5:21  SCV  
  37  5:30  Stimpack  
  37  5:33  SCV  
  38  5:45  SCV  
  39  5:57  SCV  
  39  6:01  Missile Turret  
  40  6:08  Marine  
  41  6:16  SCV  
  42  6:22  Missile Turret  
  42  6:26  Marine  
  42  6:28  SCV  
  42  6:29  Refinery  
  42  6:30  Medivac  
  46  6:40  SCV  
  46  6:44  Missile Turret  
  46  6:45  Starport Tech Lab  
  47  6:53  Marine  
  48  6:58  Terran Infantry Armor Level 1  
  48  7:04  Missile Turret  
  48  7:09  Armory  
  48  7:10  Combat Shield, SCV  
  48  7:11  Marine  
  50  7:22  SCV  
  51  7:25  Missile Turret  
  51  7:29  Marine  
  52  7:34  SCV  
  52  7:35  SCV  
  54  7:46  SCV  
  54  7:47  Marine, SCV  
  57  7:52  Siege Tank  
  57  7:57  Missile Turret  
  60  7:58  Fusion Core, SCV  
  60  7:59  SCV  
  60  8:04  Marine  
  63  8:08  Missile Turret  
  63  8:10  SCV  
  63  8:11  SCV  
  65  8:17  Missile Turret  
  65  8:23  SCV  
  65  8:24  Siege Tank  
  69  8:39  Missile Turret  
  69  8:50  Missile Turret  
  69  8:52  Neosteel Armor  
  69  8:56  Siege Tank  
  72  9:04  Missile Turret  
  72  9:11  Planetary Fortress  
  72  9:15  Missile Turret  
  72  9:26  Missile Turret  
  72  9:31  Weapon Refit  
  72  9:33  Missile Turret  
  72  9:34  Starport Tech Lab  
  72  9:36  Battlecruiser  
  78  9:46  Missile Turret  
  78  10:03  Command Center  
  78  10:07  Missile Turret  
  78  10:32  Hi-Sec Auto Tracking, Missile Turret  
  78  10:59  Refinery, Missile Turret  
  78  11:11  Rapid Reignition System  
  78  11:15  Battlecruiser  
  84  11:26  Supply Depot  
  84  11:29  Missile Turret  
  84  11:34  Missile Turret  
  84  11:48  Supply Depot  
  84  11:49  Missile Turret  
  84  11:55  Missile Turret  
  84  11:57  Battlecruiser  
  84  12:00  Terran Vehicle And Ship Armor Level 1  
  90  12:09  SCV  
  90  12:11  Supply Depot  
  91  12:18  Siege Tank  
  91  12:19  Battlecruiser  
  91  12:21  SCV  
  101  12:33  Supply Depot  
  101  12:34  SCV  
  102  12:43  Missile Turret x2  
  102  12:46  SCV  
  102  12:50  Thor  
  109  12:56  Supply Depot  
  109  12:58  SCV  
  110  13:01  Battlecruiser  
  110  13:04  Missile Turret  
  116  13:14  Missile Turret  
  116  13:19  Supply Depot  
  116  13:23  Battlecruiser, Missile Turret  
  122  13:32  Thor  
  127  13:45  Missile Turret  
  119  13:55  Terran Vehicle Weapons Level 1  
  110  14:05  Battlecruiser  
  116  14:20  Missile Turret  
  116  14:25  Supply Depot  
  116  14:47  Supply Depot  
Tags
 
Composition
Lurkers
Matchup
TvZ
Replay Pack
MrFercho
Add a new tag
Caveats
  • Supply blocks, unpowered buildings, or Contaminate may cause inaccurate times.
  • Supply counts are checked every 10 seconds.